 Dungeon Crawl Stone Soup version 0.25.0-15-gac7dcb8919 (webtiles) character file.

Game seed: 7862578700959758666

107 Descartes the Shield-Bearer (level 4, -5/24 HPs)
             Began as a Vine Stalker Fighter on June 28, 2020.
             Was an Initiate of Sif Muna.
             Killed from afar by an orc wizard (16 damage)
             ... with a puff of flame
             ... on level 3 of the Dungeon.
             The game lasted 00:04:14 (1517 turns).

Descartes the Shield-Bearer (Vine Stalker Fighter)  Turns: 1517, Time: 00:04:16

Health: -5/24      AC:  6    Str: 19    XL:     4   Next: 86%
Magic:  0/7        EV:  9    Int:  9    God:    Sif Muna [......]
Gold:   100        SH:  7    Dex: 13    Spells: 6/6 levels left

rFire    x . .     SeeInvis .   a - +0 long sword
rCold    + . .     Gourm    .   p - +2 buckler
rNeg     . . .     Faith    .   b - +0 scale mail
rPois    .         Spirit   +   (no helmet)
rElec    .         Reflect  .   (no cloak)
rCorr    .         Harm     .   (no gloves)
MR       .....                  (no boots)
Stlth    ..........             (no amulet)
HPRegen  0.48/turn              e - ring of ice
MPRegen  0.10/turn              (no ring)

@: no status effects
A: fangs 2, regeneration 1, magic shield, antimagic bite, no potion heal 3, rot
immunity
a: Renounce Religion


You were on level 3 of the Dungeon.
You worshipped Sif Muna.
Sif Muna was noncommittal.
You were not hungry.

You visited 1 branch of the dungeon, and saw 3 of its levels.

You collected 100 gold pieces.

Inventory:

Hand Weapons
 a - a +0 long sword (weapon)
 j - a +1 short sword of venom
Missiles
 g - 48 stones (quivered)
 h - 35 sling bullets
 n - 28 arrows
 q - 7 poisoned darts
Armour
 b - a +0 scale mail (worn)
 c - a +0 kite shield
 p - a +2 buckler (worn)
Jewellery
 e - a ring of ice (left hand)
Scrolls
 i - a scroll of fear {unknown}
 l - 4 scrolls of remove curse {unknown}
 r - a scroll of immolation {unknown}
Potions
 d - 2 potions of might
 k - a potion of lignification {unknown}
 m - a potion of haste {unknown}
Comestibles
 f - 4 rations
 o - 2 chunks of flesh


   Skills:
 - Level 3.0 Fighting
 - Level 1.7 Long Blades
 - Level 2.4 Armour
 + Level 4.3 Shields
 + Level 1.8 Spellcasting


You had 6 spell levels left.
You didn't know any spells.
Your spell library was empty.

Dungeon Overview and Level Annotations

Branches:
Dungeon (2/15)

Altars:
Kikubaaqudgha
Sif Muna


Innate Abilities, Weirdness & Mutations

You have extremely sharp teeth.
Your natural rate of healing is unusually fast.
When hurt, damage is shared between your health and your magic reserves.
Your bite disrupts and absorbs the magic of your enemies.
Potions cannot restore your health.
You are immune to rotting.


Message History

The orc priest invokes the aid of Beogh against you.
Beogh smites you!
An orc comes into view. It is wielding a +0 whip.
The orc priest mumbles some strange prayers to Beogh against you.
Beogh smites you!
* * * LOW HITPOINT WARNING * * *
You are too injured to fight recklessly!
The orc wizard gestures wildly while chanting.
The orc wizard flickers and vanishes!
Deactivating autopickup; reactivate with Ctrl-A.
You hit the orc. You bite the orc.
You kill the orc!
Sif Muna accepts your kill.
The orc priest invokes the aid of Beogh against you.
Beogh smites you!
You hear some strange, mumbled words.
A puff of flame appears from out of thin air!
The puff of flame hits you!! The fire burns you terribly!
Ouch! That really hurt!
You die...

###################
......#....)....@.#
#####.#.#########{#
..........# #.#
#####.#.#.# #o#
#.#.#... #.# #.#.#
### #o# #.#.#
#.##############
#.#.#
#..รท............
#.#.#
#..##.......##


You could see an orc priest and an orc.

Vanquished Creatures
  Terence (D:2)
  A gnoll (D:1)
  3 adders (D:2)
  2 oozes (D:1)
  An orc (D:3)
  3 bats
  A giant cockroach (D:1)
  4 hobgoblins
  2 jackals (D:3)
  6 kobolds
  3 frilled lizards
  7 goblins
  3 rats
37 creatures vanquished.

Notes
Turn   | Place    | Note
-------+----------+-------------------------------------------
     0 | D:1      | Descartes the Vine Stalker Fighter began the quest for the
                  | Orb.
     0 | D:1      | Reached XP level 1. HP: 11/11 MP: 2/2
    46 | D:1      | Reached skill level 3 in Shields
    66 | D:1      | Reached XP level 2. HP: 7/16 MP: 0/3
   484 | D:1      | Reached XP level 3. HP: 18/19 MP: 4/4
   884 | D:2      | Found an ancient bone altar of Kikubaaqudgha.
  1067 | D:2      | Reached skill level 1 in Spellcasting
  1156 | D:2      | Reached skill level 4 in Shields
  1156 | D:2      | Gained mutation: Your natural rate of healing is unusually
                  | fast. [Vine Stalker growth]
  1156 | D:2      | Reached XP level 4. HP: 23/23 MP: 4/6
  1297 | D:2      | Noticed Terence
  1306 | D:2      | Killed Terence
  1418 | D:2      | You fall into a shaft and drop 1 floor!
  1462 | D:3      | Found a shimmering blue altar of Sif Muna.
  1480 | D:3      | Became a worshipper of Sif Muna the Loreminder
  1517 | D:3      | Killed from afar by an orc wizard

Illustrated notes

Levels and vault maps discovered:
D:1:      matt_arrival_grand_opening, layout_loops_cross
D:2:      layout_basic, lemuel_crystal_altar, uniq_natasha, uniq_terence,
          uniq_crazy_yiuf_cottage
D:3:      layout_basic, overflow_temple_1_default, first_ration, uniq_ijyb

Skill      XL: |  1  2  3  4 |
---------------+-------------+-----
Shields        | 3 4 |  4.3
Spellcasting   | 1 |  1.8
Fighting       | 3 |  3.0
Long Blades    | |  1.7
Armour         | |  2.4

Action                   |  1- 3 |  4- 6 || total
-------------------------+-------+-------++-------
Melee: Long sword        |    70 |    45 ||   115
       Bite              |    20 |     9 ||    29
  Eat: Chunk             |     1 |     1 ||     2
Armor: Scale mail        |    33 |    21 ||    54
Dodge: Dodged            |    20 |    12 ||    32
Block: Kite shield       |    35 |     3 ||    38
       Buckler           |       |    11 ||    11
       Rpst.: Long sword |     6 |     4 ||    10
